 Dungeon Crawl Stone Soup version 0.28-a0-1518-gbe868bca14 (webtiles) character file.

Game seed: 15666006584063184009

542 knot the Chopper (level 7, -3/78 HPs)
             Began as a Demonspawn Berserker on Jan 17, 2022.
             Was a Believer of Trog.
             Slain by a gnoll (10 damage)
             ... on level 3 of the Dungeon.
             The game lasted 00:03:23 (3423 turns).

knot the Chopper (Demonspawn Berserker)             Turns: 3423, Time: 00:03:24

Health: -3/78      AC:  5    Str: 18    XL:     7   Next: 6%
Magic:  7/7        EV: 11    Int: 12    God:    Trog [**....]
Gold:   103        SH:  0    Dex: 12    Spells: 6/6 levels left

rFire   . . .      SeeInvis .   e - +0 war axe
rCold   . . .      Faith    .   (no shield)
rNeg    + . .      Spirit   .   f - +0 leather armour
rPois   .          Reflect  .   (no helmet)
rElec   .          Harm     .   j - +0 cloak
rCorr   .          Rampage  .   l - +0 pair of gloves
Will    .....                   (no boots)
Stlth   ..........              (no amulet)
HPRegen 1.23/turn               h - ring of positive energy
MPRegen 0.10/turn               (no ring)

@: berserking, very quick
A: powered by death 2, big brain 1, demonic touch 1
a: Renounce Religion, Berserk, Trog's Hand


You were on level 3 of the Dungeon.
You worshipped Trog.
Trog was pleased with you.
You visited 1 branch of the dungeon, and saw 3 of its levels.

You collected 103 gold pieces.

Inventory:

Hand Weapons
 e - a +0 war axe (weapon)
Missiles
 d - 131 stones (quivered)
Armour
 f - a +0 leather armour (worn)
 j - a +0 cloak (worn)
 l - a +0 pair of gloves (worn)
Jewellery
 b - a ring of flight
 h - a ring of positive energy (left hand)
Scrolls
 a - 2 scrolls of enchant weapon {unknown}
 i - a scroll of summoning {unknown}
 m - a scroll of identify {unknown}
 o - a scroll of teleportation
 p - a scroll of vulnerability {unknown}
Potions
 c - a potion of curing


   Skills:
 - Level 3.0 Fighting
 * Level 7.3 Axes
 * Level 0.9 Throwing
 - Level 1.7 Armour
 - Level 1.7 Dodging


You had 6 spell levels left.
You didn't know any spells.
Your spell library contained the following spells:

 Spells                   Type           Power      Damage    Failure   Level
 Apportation              Tloc           0%         N/A       36%         1
 Alistair's Intoxication  Tmut/Pois      0%         N/A       100%        5


Dungeon Overview and Level Annotations

Branches:
Dungeon (3/15)

Altars:


Innate Abilities, Weirdness & Mutations

You regenerate health from kills.
You have an unusually large brain. (Int +2)
Your touch may inflict minor irresistible damage on your foes.


Message History

The gnoll hits you from afar with a +0 halberd.
The gnoll hits you with a +0 club. The gnoll sergeant barely misses you.
You slash the gnoll!
You kill the gnoll!
Trog accepts your kill.
You hit the gnoll sergeant. The gnoll closely misses you.
The gnoll sergeant barely misses you. The gnoll closely misses you.
You hit the gnoll sergeant.
The gnoll sergeant is moderately wounded.
The gnoll sergeant hits you with a +0 trident!
The gnoll closely misses you.
You slash the gnoll sergeant!
You touch the gnoll sergeant.
The gnoll sergeant is severely wounded.
You hit the gnoll.
The gnoll sergeant hits you with a +0 trident!
The gnoll hits you from afar with a +0 halberd.
The gnoll barely misses you.
Unknown command.
A red film seems to cover your vision as you go berserk!
You feel yourself moving faster!
You feel mighty! The gnoll sergeant misses you.
The gnoll hits you from afar with a +0 halberd!
* * * LOW HITPOINT WARNING * * *
The gnoll misses you.
You feel a strong urge to attack something.
The gnoll sergeant closely misses you. The gnoll hits you with a +0 halberd.
* * * LOW HITPOINT WARNING * * *
You see here a +0 club.
You slash the gnoll!
The gnoll is almost dead.
You hit the gnoll sergeant. You hit the gnoll.
The gnoll hits you with a +0 flail!
* * * LOW HITPOINT WARNING * * *
You barely miss the gnoll.
The gnoll is almost dead.
You closely miss the gnoll. You hit the gnoll sergeant.
You kill the gnoll sergeant!
Trog accepts your kill. The gnoll hits you with a +0 halberd!
You die...

.........÷..................#
.........÷÷............P....#
≈≈≈≈≈≈≈≈÷÷≈≈≈≈≈≈≈÷≈≈≈≈≈≈....#
≈≈≈≈≈≈≈≈≈≈≈≈≈≈≈≈≈≈≈≈≈≈≈≈....#
≈≈≈≈≈≈≈≈≈≈≈≈≈≈≈≈≈#####≈≈....#
........).......)#og.#≈≈....#
################)#...#≈≈P...#
...'.)g)#+###≈≈....#
####.))@# #.≈≈≈....#
.......g# #.≈≈≈..P.#
.....#''## #.≈≈≈....#
.....#$.. #.≈≈≈....# ....
#... #.≈≈≈....# ### ####
[≈≈≈....# .≈≈≈....# .≈≈≈....#
##≈≈P...#


You could see 2 gnolls.

Vanquished Creatures
  Sigmund (D:2)
  A gnoll sergeant (D:3)
  A howler monkey (D:3)
  Crazy Yiuf (D:2)
  A gnoll shaman (D:3)
  Natasha (D:2)
  2 orc wizards (D:3)
  6 adders
  9 gnolls (D:3)
  2 worms
  A dart slug (D:1)
  7 orcs (D:3)
  2 endoplasms (D:1)
  2 giant cockroaches
  5 goblins
  6 hobgoblins
  9 jackals (D:3)
  3 ball pythons
  4 bats
  4 frilled lizards
  5 kobolds
  5 rats
78 creatures vanquished.

Vanquished Creatures (others)
  2 plants (D:3)
2 creatures vanquished.

Grand Total: 80 creatures vanquished

Notes
Turn   | Place    | Note
-------+----------+-------------------------------------------
     0 | D:1      | knot the Demonspawn Berserker began the quest for the Orb.
     0 | D:1      | Reached XP level 1. HP: 18/18 MP: 1/1
     0 | D:1      | Noticed a shadow dragon
     1 | D:1      | Noticed a shadow dragon
     2 | D:1      | Noticed an ice dragon
     4 | D:1      | Noticed a shadow dragon
     6 | D:1      | Noticed an iron dragon
     8 | D:1      | Noticed an orb of fire
     9 | D:1      | Noticed an ice dragon
    11 | D:1      | Noticed a red draconian
    13 | D:1      | Noticed a shadow dragon
    13 | D:1      | Noticed an iron dragon
    15 | D:1      | Noticed a large abomination
    15 | D:1      | Noticed a large abomination
    19 | D:1      | Noticed an orb of fire
    19 | D:1      | Noticed an orb of fire
    21 | D:1      | Noticed a large abomination
    53 | D:1      | Reached skill level 3 in Axes
   480 | D:1      | Gained mutation: You regenerate a little health from kills.
                  | [demonic ancestry]
   480 | D:1      | Reached XP level 2. HP: 20/24 MP: 2/2
  1332 | D:2      | Reached skill level 4 in Axes
  1332 | D:2      | Gained mutation: You regenerate health from kills. [demonic
                  | ancestry]
  1332 | D:2      | Reached XP level 3. HP: 28/29 MP: 3/3
  1656 | D:2      | Noticed Natasha
  1667 | D:2      | Killed Natasha
  1668 | D:2      | Gained mutation: You have an unusually large brain. (Int
                  | +2) [demonic ancestry]
  1668 | D:2      | Reached XP level 4. HP: 35/35 MP: 4/4
  2001 | D:2      | Found a faded altar of an unknown god.
  2128 | D:2      | Noticed Sigmund
  2139 | D:2      | Killed Sigmund
  2140 | D:2      | Reached skill level 6 in Axes
  2140 | D:2      | Reached XP level 5. HP: 41/41 MP: 5/5
  2303 | D:2      | Found a runed translucent door.
  2304 | D:2      | Noticed Crazy Yiuf
  2676 | D:2      | Killed Crazy Yiuf
  2677 | D:2      | Reached XP level 6. HP: 47/47 MP: 6/6
  3231 | D:3      | Reached ** piety under Trog
  3295 | D:3      | Reached skill level 7 in Axes
  3388 | D:3      | Gained mutation: Your touch may inflict minor irresistible
                  | damage on your foes. [demonic ancestry]
  3388 | D:3      | Reached XP level 7. HP: 52/52 MP: 7/7
  3423 | D:3      | Slain by a gnoll

Illustrated notes

Levels and vault maps discovered:
D:1:      shiori_arrival_whats_in_store_for_you, layout_basic, minivault_19
D:2:      layout_loops_corners, shapermc_ecumenical_altar_mp_highgroup,
          uniq_crazy_yiuf_cottage, uniq_sigmund, uniq_natasha
D:3:      lemuel_castle_with_subvaults [lemuel_castle_interior_carwin_3],
          layout_basic

Skill      XL: |  1  2  3  4  5  6 |
---------------+-------------------+-----
Axes           | 3 4 6 7 |  7.3
Fighting       | |  3.0
Throwing       | |  0.9
Armour         | |  1.7
Dodging        | |  1.7

Action                   |  1- 3 |  4- 6 |  7- 9 || total
-------------------------+-------+-------+-------++-------
Melee: Hand axe          |    36 |       |       ||    36
       Punch             |     1 |     1 |       ||     2
       War axe           |    68 |   152 |     8 ||   228
       Touch             |       |       |     1 ||     1
Throw: Stone             |       |     2 |       ||     2
Invok: Berserk           |     2 |     4 |     1 ||     7
  Use: Potion            |       |     5 |       ||     5
       Scroll            |       |     1 |       ||     1
Armor: Animal skin       |     3 |       |       ||     3
       Leather armour    |    34 |    62 |       ||    96
Dodge: Dodged            |    67 |    85 |    12 ||   164

Table legend: (Time is in decaauts)
 A = Elapsed time spent in this place.
 B = Non-inter-level travel time spent in this place.
 C = Inter-level travel time spent in this place.
 D = Time resting spent in this place.
 E = Time spent auto-exploring this place.
 F = Levels seen in this place.
 G = Mean time per level.
                   A        B        C        D        E       F      G
               +--------+--------+--------+--------+--------+-----+--------+
         Total |   3521 |   3438 |     83 |    804 |   2017 |   3 | 1173.7 |
       Dungeon |   3521 |   3438 |     83 |    804 |   2017 |   3 | 1173.7 |
               +--------+--------+--------+--------+--------+-----+--------+

Top non-repeatable levels by time:
     D:2: 1625 daAuts
     D:1: 1337 daAuts
     D:3: 558 daAuts
